 Dungeon Crawl Stone Soup version 0.23-a0-644-gb60d84b635 (webtiles) character file.

49 HereIgoKillingAgain the Insei (level 3, 0/26 HPs)
             Began as a Demonspawn Transmuter on Jan 1, 2019.
             Slain by Natasha (5 damage)
             ... on level 3 of the Dungeon.
             The game lasted 00:02:09 (1971 turns).

HereIgoKillingAgain the Insei (DsTm)                Turns: 1971, Time: 00:02:09

Health: 0/26       AC:  4    Str: 15    XL:     3   Next: 53%
Magic:  4/6        EV: 12    Int: 15    God:
Gold:   112        SH:  0    Dex: 13    Spells: 3/6 levels left

rFire    . . .     SeeInvis .     - Unarmed
rCold    . . .     Gourm    .   (no shield)
rNeg     . . .     Faith    .   b - +0 robe
rPois    .         Spirit   .   (no helmet)
rElec    .         Reflect  .   (no cloak)
rCorr    .         Harm     .   (no gloves)
MR       .....                  (boots currently unavailable)
Stlth    ++........             (no amulet)
HPRegen  0.08/turn              (no ring)
MPRegen  0.10/turn              (no ring)

@: mighty, appendage
A: talons 3, molten scales 1, nightstalker 1
a: End Transformation


You were on level 3 of the Dungeon.
You were hungry.
You had grown temporary talons.
You visited 1 branch of the dungeon, and saw 3 of its levels.

You collected 112 gold pieces.

Inventory:

Missiles
 a - 33 arrows
Armour
 b - a +0 robe (worn)
Jewellery
 o - an uncursed ring of protection from magic {unknown}
Scrolls
 e - a scroll of enchant weapon {unknown}
 f - a scroll of magic mapping {unknown}
 h - a scroll of random uselessness {unknown}
 i - a scroll of fog {unknown}
 k - 2 scrolls of identify {unknown}
 l - a scroll of fear {unknown}
 m - 4 scrolls of remove curse {unknown}
Potions
 g - a potion of might
 j - a potion of curing {unknown}
 n - 2 potions of haste {unknown}
 p - a potion of magic {unknown}
Comestibles
 d - 3 rations


   Skills:
 - Level 1.0 Fighting
 - Level 1.7 Dodging
 + Level 3.2 Unarmed Combat
 - Level 2.0 Spellcasting
 * Level 3.1 Transmutations


You had 3 spell levels left.
You knew the following spells:

 Your Spells              Type           Power        Failure   Level  Hunger
a - Beastly Appendage     Tmut           ##....       6%          1    #......
b - Sticks to Snakes      Tmut           ##......     10%         2    ###....

Your spell library contained the following spells:

 Spells                   Type           Power        Failure   Level  Hunger
 Spider Form              Tmut/Pois      #.........   34%         3    ###....
 Ice Form                 Ice/Tmut       #.......     75%         4    #####..
 Blade Hands              Tmut           ##........   86%         5    ######.


Dungeon Overview and Level Annotations

Branches:
Dungeon (3/15)

Altars:
Cheibriados
Ru

Annotations:
D:3 Natasha


Innate Abilities, Weirdness & Mutations

You are partially covered in molten scales. (AC +2)
You are slightly more attuned to the shadows.
You have claws for feet.


Message History

You are too injured to fight recklessly!
Your ball python bites the iron imp but does no damage.
Your ball python grabs the iron imp.
Your ball python constricts the iron imp.
The iron imp hits you but does no damage.
Your ball python bites the iron imp but does no damage.
Your ball python constricts the iron imp.
Unknown command.
You hit Natasha. Your kick misses Natasha.
Natasha is heavily wounded.
Natasha claws you.
* * * LOW HITPOINT WARNING * * *
The iron imp hits your ball python.
Your ball python dies!
Unknown command.
It was a potion of might.
You feel very mighty all of a sudden.
Natasha growls.
Natasha claws you.
You die...

##########
#.........
#......... #
#.........
#.####.).......
#........5.....
#.......h......
..##...@......
#.#.#######
#.#.# #.#.#
#.#.# #.#.#
#.#.# #.# #.#


You could see an iron imp and Natasha.

Vanquished Creatures
  An adder (D:2)
  A dart slug (D:2)
  6 bats
  2 giant cockroaches (D:1)
  7 goblins
  6 hobgoblins
  A ball python (D:2)
  4 frilled lizards
  3 kobolds
  A quokka skeleton (D:2)
  7 rats
39 creatures vanquished.

Notes
Turn   | Place    | Note
-------+----------+-------------------------------------------
     0 | D:1      | HereIgoKillingAgain the Demonspawn Transmuter began the
                  | quest for the Orb.
     0 | D:1      | Reached XP level 1. HP: 15/15 MP: 3/3
    66 | D:1      | Gained mutation: You are slightly more attuned to the
                  | shadows. [demonic ancestry]
    66 | D:1      | Reached XP level 2. HP: 12/21 MP: 5/5
   635 | D:1      | Learned a level 2 spell: Sticks to Snakes
   916 | D:2      | Gained mutation: You are partially covered in molten
                  | scales. (AC +2) [demonic ancestry]
   916 | D:2      | Reached XP level 3. HP: 16/26 MP: 6/6
  1462 | D:2      | Found a sacrificial altar of Ru.
  1896 | D:2      | Found a snail-covered altar of Cheibriados.
  1957 | D:3      | Noticed Natasha
  1971 | D:3      | Slain by Natasha

Vault maps used:
D:1:      minmay_arrival_solitary_statue, st_stairs_10
D:2:      lemuel_doored_altar, cheibriados_altar_1, minmay_tall_x
D:3:      chequers_temple_overflow_statue_of_worship, minivault_11,
          uniq_sigmund, uniq_natasha

Skill      XL: |  1  2  3 |
---------------+----------+-----
Transmutations | 2 3 |  3.1
Unarmed Combat | 3 |  3.2
Fighting       | |  1.0
Dodging        | |  1.7
Spellcasting   | |  2.0

Action                   || total
-------------------------++-------
Melee: Unarmed           ||   141
       Headbutt          ||     2
       Punch             ||     1
 Cast: Beastly Appendage ||     7
       Sticks to Snakes  ||     3
  Use: Potion            ||     2
 Stab: Sleeping          ||     7
       Invisible         ||     1
  Eat: Chunk             ||     3
Armor: Robe              ||    43
Dodge: Dodged            ||    91

Table legend:
 A = Non-vault XP
 B = Vault XP
 C = Vault XP percentage of total XP
 D = Non-vault monster count
 E = Vault monster count
 F = Vault count percentage of total count
                 A         B        C        D         E       F
            +---------+---------+-------+---------+---------+-------
      Total |      61 |      10 |  14.1 |      32 |       7 |  17.9
            +---------+---------+-------+---------+---------+-------
        D:1 |      24 |       6 |  20.0 |      14 |       3 |  17.6
        D:2 |      37 |       4 |   9.8 |      18 |       4 |  18.2
            +---------+---------+-------+---------+---------+-------
